[Event "ICCopen2017"]
[Site "Internet Chess Club"]
[Date "2017.03.19"]
[Round "10"]
[White "ehkopean"]
[Black "giovana64"]
[Result "1-0"]
[ICCResult "Black forfeits on time"]
[WhiteElo "1771"]
[BlackElo "1527"]
[Opening "Robatsch (modern) defense"]
[ECO "B06"]
[NIC "KF.05"]
[Time "21:03:28"]
[TimeControl "180+0"]

1. e4 g6 2. d4 Bg7 3. c3 d5 4. Bd3 dxe4 5. Bxe4 Nf6 6. Bd3 e6 7. Nf3 c6 8.
O-O O-O 9. Bg5 Qc7 10. Qd2 b5 11. Bh6 Rd8 12. Bxg7 Kxg7 13. Qg5 Nd5 14. Nbd2
Qf4 15. Qxd8 Nd7 16. Qh4 Qd6 17. Qg3 Nf4 18. Rfe1 Qb8 19. Bc2 Nf6 20. Ne5
N4d5 21. Ne4 Bb7 22. Nc5 a5 23. Nxb7 Qxb7 24. Be4 Nxe4 25. Rxe4 Nf6 26. Rf4
Nh5 27. Qg4 Nxf4 28. Qxf4 b4 29. Re1 bxc3 30. bxc3 c5 31. h3 a4 32. Qe4 Qa7
33. Nc6 Qa6 34. Qe5+ Kg8 35. Ne7+ Kf8 36. Qc7 Ra7 37. Qd8+ Kg7 38. Qg8+ Kf6
39. d5 Rxe7 40. Qh8+ Kg5 41. Qe5+ Kh6 42. Qf4+ Kg7 43. Qe5+ f6 44. Qb8 e5
45. d6 Rd7 46. Qe8 Qxd6 47. g4 Qd2 48. Rf1 a3 49. Qb8 Rf7 50. Qc7 Qxa2 51.
Qxc5 Qb2 52. c4 a2 53. Qa5 Rb7 54. c5 Qb1 55. Kg2 Qxf1+ 56. Kxf1 Rb1+ 57.
Kg2 a1=Q 58. Qc7+ Kh6 59. Qd8 Rg1+ 60. Kf3 Qd1+ 61. Qxd1
{Black forfeits on time}
1-0

[Event "ICCopen2017"]
[Site "Internet Chess Club"]
[Date "2017.03.19"]
[Round "10"]
[White "MATEPROOF"]
[Black "arshavin2015"]
[Result "0-1"]
[ICCResult "White forfeits on time"]
[WhiteElo "1934"]
[BlackElo "2033"]
[Opening "Réti opening"]
[ECO "A04"]
[NIC "QP.11"]
[Time "21:03:53"]
[TimeControl "180+0"]

1. Nf3 g6 2. c4 Bg7 3. d4 c5 4. d5 d6 5. Nc3 Nf6 6. e4 e6 7. Be2 O-O 8. O-O
Na6 9. Be3 Nc7 10. Qd2 exd5 11. exd5 Re8 12. Rfe1 a6 13. a4 b6 14. Bg5 Bg4
15. h3 Bxf3 16. Bxf3 Qd7 17. Qf4 Rxe1+ 18. Rxe1 Nce8 19. Bg4 Nxg4 20. hxg4
Be5 21. Qd2 Ng7 22. f3 Re8 23. b3 f5 24. gxf5 Qxf5 25. Ne4 Nh5 26. g4 Qxf3
27. gxh5 Bd4+ 28. Kh2 Rxe4 29. Rxe4 Qxe4 30. hxg6 Be5+ 31. Kg1 Qxg6 32. Kf1
Qb1+ 33. Kg2 Qxb3 34. Bh6 Qb2 35. Qxb2 Bxb2 36. Kf3 Kf7 37. Kg4 Kg6 38. Bf8
h5+ 39. Kh4 Bf6+ 40. Kh3 Be5 41. Be7 Kf5 42. Bd8 Ke4 43. Bxb6 Kd4 44. Kh4
Kxc4 45. Kxh5 Kxd5 46. Kg5 Kc6 {White forfeits on time} 0-1

[Event "ICCopen2017"]
[Site "Internet Chess Club"]
[Date "2017.03.19"]
[Round "10"]
[White "chesscomet"]
[Black "lmenezes"]
[Result "1-0"]
[ICCResult "Black forfeits on time"]
[WhiteElo "1522"]
[BlackElo "1559"]
[Opening "French: King's Indian attack"]
[ECO "C00"]
[NIC "FR.02"]
[Time "21:03:37"]
[TimeControl "180+0"]

1. e4 e6 2. d3 d5 3. Nd2 c5 4. Ngf3 Nc6 5. g3 Nf6 6. Bg2 Qc7 7. O-O b6 8.
Re1 Bb7 9. c3 Be7 10. Nf1 O-O 11. e5 Nd7 12. d4 cxd4 13. cxd4 b5 14. h4 f6
15. exf6 Rxf6 16. Bg5 Rg6 17. Bf4 Bd6 18. Bxd6 Qxd6 19. N1h2 Rf8 20. Bh3 e5
21. dxe5 Ndxe5 22. Nxe5 Nxe5 23. Bg2 Rgf6 24. Rf1 b4 25. Rc1 Rd8 26. Ng4
Nxg4 27. Qxg4 Ba6 28. Rfd1 d4 29. Rc2 d3 30. Rcd2 Rdf8 31. Be4 Qc5 32. Rf1
Qb6 33. Qd7 Kh8 34. Bxd3 Bxd3 35. Qxd3 Rf3 36. Qd4 Qg6 37. Qxb4 R3f4 38. Qc3
Rxh4 39. Rd4 Rxd4 40. Qxd4 Qf5 41. Qe3 Qd5 42. a3 h6 43. Re1 Rf5 44. Qe2 Rh5
45. Qe8+ {Black forfeits on time} 1-0

[Event "ICCopen2017"]
[Site "Internet Chess Club"]
[Date "2017.03.19"]
[Round "10"]
[White "Mercury"]
[Black "GoogleGirl"]
[Result "1-0"]
[ICCResult "Black checkmated"]
[WhiteElo "2192"]
[BlackElo "1887"]
[Opening "QGD Slav: 3.Nf3"]
[ECO "D11"]
[NIC "QP.09"]
[Time "21:03:14"]
[TimeControl "180+0"]

1. Nf3 d5 2. d4 c6 3. c4 Nf6 4. Qb3 g6 5. Bg5 Bg7 6. Nc3 dxc4 7. Qxc4 O-O 8.
e3 Be6 9. Qa4 Qb6 10. Qa3 Re8 11. Be2 Nbd7 12. O-O c5 13. Na4 Qa5 14. dxc5
Rac8 15. b4 Qc7 16. Rac1 Nd5 17. Rfd1 f6 18. Bh4 Bf7 19. Bc4 e6 20. Bg3 Qd8
21. e4 Nc7 22. Qd3 Nf8 23. Qb3 Qe7 24. Bd6 Qd7 25. Bxf8 Qc6 26. Bxg7 Kxg7
27. Nc3 a6 28. Rd6 Nb5 29. Rxc6 bxc6 30. a4 e5 31. Bxf7 Nd4 32. Nxd4 exd4
33. Bxe8 Rxe8 34. Ne2 Rxe4 35. Qd3 f5 36. Nxd4 Kf6 37. Nxc6 Kg5 38. h4+ Kxh4
39. Qg3+ Kh5 40. Ne5 Rg4 41. Nxg4 fxg4 42. Rd1 g5 43. Rd6 h6 44. Qh2#
{Black checkmated}
1-0

[Event "ICCopen2017"]
[Site "Internet Chess Club"]
[Date "2017.03.19"]
[Round "10"]
[White "ElMarginal"]
[Black "CeffylGlas"]
[Result "0-1"]
[ICCResult "White forfeits on time"]
[WhiteElo "1454"]
[BlackElo "1301"]
[Opening "Sicilian: closed"]
[ECO "B23"]
[NIC "SI.44"]
[Time "21:04:02"]
[TimeControl "180+0"]

1. Nc3 c5 2. e4 d6 3. Nf3 g6 4. d4 cxd4 5. Nxd4 a6 6. Bc4 Bg7 7. Be3 Nc6 8.
O-O e6 9. Rb1 Ne5 10. Bb3 Qc7 11. Kh1 Nf6 12. f4 Neg4 13. Qe2 Nxe3 14. Qxe3
Ng4 15. Qd3 Bd7 16. h3 Nh6 17. f5 gxf5 18. exf5 Nxf5 19. Nxf5 exf5 20. Bxf7+
Kxf7 21. Rxf5+ Bxf5 22. Qxf5+ Kg8 23. Rf1 Rf8 24. Qe6+ Rf7 25. Nd5 Qd7 26.
Qxd7 Rxd7 27. c3 Rf7 28. Rd1 Be5 29. a4 Kg7 30. c4 Rhf8 31. Ne3 Bf4 32. Ng4
Re7 {White forfeits on time} 0-1

[Event "ICCopen2017"]
[Site "Internet Chess Club"]
[Date "2017.03.19"]
[Round "10"]
[White "Svinotigr"]
[Black "Atlantis75"]
[Result "1-0"]
[ICCResult "Black checkmated"]
[WhiteElo "1700"]
[BlackElo "1856"]
[Opening "Réti opening"]
[ECO "A04"]
[NIC "QP.11"]
[Time "21:03:35"]
[TimeControl "180+0"]

1. Nf3 d6 2. d3 Nc6 3. Nbd2 g6 4. e4 Bg7 5. Qe2 e5 6. g3 Nf6 7. h4 h5 8. Bg2
Bg4 9. c3 O-O 10. O-O a6 11. a4 Ne7 12. Nc4 Qd7 13. Re1 Rae8 14. Bg5 Nh7 15.
Bxe7 Rxe7 16. Ne3 c6 17. Nxg4 hxg4 18. Nh2 f5 19. exf5 gxf5 20. f3 f4 21.
fxg4 fxg3 22. Nf1 Rf2 23. Qe4 Nf6 24. Qg6 Qxg4 25. Qxg4 Nxg4 26. Nxg3 Rxb2
27. Nf5 Re6 28. Bh3 Rg6 29. Ne7+ Kh7 30. Nxg6 Nf2 31. Bf5 Kh6 32. Rab1 Rd2
33. Rxb7 Nxd3 34. Bxd3 Rxd3 35. Ne7 Bf6 36. Ng8+ Kh5 37. Nxf6+ Kxh4 38. Re2
Rxc3 39. Rg7 Rh3 40. Rh7+ Kg3 41. Rg2+ Kf3 42. Rxh3+ Kf4 43. Rc2 c5 44. Rd2
Kf5 45. Rxd6 e4 46. Rxa6 Kf4 47. Rh4+ Kf5 48. Rxe4 c4 49. Rxc4 Kg6 50. Ne4+
Kf5 51. Nf2 Ke5 52. Ra5+ Kd6 53. Rh4 Ke6 54. Rh6+ Kf7 55. Ra7+ Kg8 56. Rb6
Kf8 57. Rb8# {Black checkmated} 1-0

[Event "ICCopen2017"]
[Site "Internet Chess Club"]
[Date "2017.03.19"]
[Round "10"]
[White "LittleMaster"]
[Black "Red-white"]
[Result "0-1"]
[ICCResult "White checkmated"]
[WhiteElo "2324"]
[BlackElo "3004"]
[Opening "Ruy Lopez: modern Steinitz defense"]
[ECO "C71"]
[NIC "RL.10"]
[Time "21:04:37"]
[TimeControl "180+0"]

1. e4 e5 2. Nf3 Nc6 3. Bb5 a6 4. Ba4 d6 5. d4 b5 6. Bb3 Nxd4 7. Nxd4 exd4 8.
c3 Nf6 9. cxd4 Bb7 10. f3 Be7 11. O-O O-O 12. Nc3 c5 13. dxc5 dxc5 14. Qe2
c4 15. Bc2 Bc5+ 16. Kh1 Re8 17. Bg5 h6 18. Rad1 Qe7 19. Bf4 Rad8 20. Bg3 Nh5
21. Bf2 Nf4 22. Qe1 Rxd1 23. Qxd1 Rd8 24. Qe1 b4 25. Nb1 Bxf2 26. Qxf2 Qd6
27. h3 Nd3 28. Bxd3 Qxd3 29. Rc1 Bc8 30. Qb6 Bxh3 31. gxh3 Qxf3+ 32. Kh2 Rd3
33. Qc7 Qf2+ 34. Kh1 Rxh3+ 35. Qh2 Rxh2# {White checkmated} 0-1

[Event "ICCopen2017"]
[Site "Internet Chess Club"]
[Date "2017.03.19"]
[Round "10"]
[White "BestMate"]
[Black "F83"]
[Result "1-0"]
[ICCResult "Black forfeits on time"]
[WhiteElo "2082"]
[BlackElo "1796"]
[Opening "Trompowsky attack (Ruth, Opocenský opening)"]
[ECO "A45"]
[NIC "QP.07"]
[Time "21:03:26"]
[TimeControl "180+0"]

1. d4 Nf6 2. Bg5 Ne4 3. Bf4 d5 4. f3 Nf6 5. e4 dxe4 6. Nc3 exf3 7. Nxf3 e6
8. Bc4 Bd6 9. Bg5 Nbd7 10. O-O O-O 11. Qd2 h6 12. Bh4 c5 13. d5 Nb6 14. Bd3
exd5 15. Rad1 Be6 16. a4 a6 17. Kh1 Be7 18. a5 Nbd7 19. Qe1 d4 20. Na4 Re8
21. Ne5 Nxe5 22. Qxe5 Ng4 23. Bxe7 Qxe7 24. Qg3 c4 25. Be4 Ne3 26. Nb6 Rad8
27. c3 Nxd1 28. cxd4 Rxd4 29. Bb1 Bg4 30. h3 Qe2 31. Rg1 Nf2+ 32. Kh2 Nxh3
33. b3 Rd2 34. Nxc4 Rd1 35. Rxd1 {Black forfeits on time} 1-0

[Event "ICCopen2017"]
[Site "Internet Chess Club"]
[Date "2017.03.19"]
[Round "10"]
[White "kaens"]
[Black "skewerd"]
[Result "1-0"]
[ICCResult "Black checkmated"]
[WhiteElo "2295"]
[BlackElo "1786"]
[Opening "Scotch gambit: Dubois-Réti defense"]
[ECO "C55"]
[NIC "KP.02"]
[Time "21:04:08"]
[TimeControl "180+0"]

1. e4 e5 2. Nf3 Nc6 3. d4 exd4 4. Bc4 Nf6 5. e5 Ne4 6. Bd5 Nc5 7. c3 d3 8.
O-O Be7 9. b4 Ne6 10. Qxd3 O-O 11. b5 Nb8 12. Be4 h6 13. Be3 d6 14. Rd1 dxe5
15. Qc2 Nd7 16. Nxe5 Qe8 17. Nxd7 Bxd7 18. c4 c6 19. a4 Nc5 20. Bf3 Rc8 21.
Nc3 cxb5 22. axb5 a6 23. bxa6 bxa6 24. Nd5 Bd6 25. Re1 Be6 26. Bd4 Qd8 27.
g3 a5 28. Qc3 Bxd5 29. Bxd5 Qg5 30. Rxa5 Rfe8 31. Raa1 Nd7 32. Qf3 Qg6 33.
h4 Ne5 34. Bxe5 Bxe5 35. Ra7 Rf8 36. Rxe5 Qd6 37. Ree7 Rce8 38. Rxf7 Re1+
39. Kg2 Qg6 40. Rxg7+ Kh8 41. Qxf8# {Black checkmated} 1-0

[Event "ICCopen2017"]
[Site "Internet Chess Club"]
[Date "2017.03.19"]
[Round "10"]
[White "ComeonJimtal"]
[Black "Dewey"]
[Result "1-0"]
[ICCResult "Black resigns"]
[WhiteElo "1709"]
[BlackElo "1411"]
[Opening "Queen's pawn: stonewall attack"]
[ECO "D00"]
[NIC "QP.08"]
[Time "21:04:46"]
[TimeControl "180+0"]

1. d4 d5 2. e3 Nf6 3. Bd3 e6 4. Ne2 Be7 5. f4 O-O 6. O-O Nc6 7. Nd2 Bd7 8.
c3 a6 9. Nf3 Ne8 10. Ne5 f6 11. Nxd7 Qxd7 12. Ng3 Bd6 13. Qh5 f5 14. Qe2 Qf7
15. Rf3 Nf6 16. h3 Nh5 17. Nxh5 Qxh5 18. Qf2 Rf6 19. Be2 Qh6 20. Bd2 Rg6 21.
Kh2 Rf8 22. Rh1 Be7 23. Be1 Rf7 24. g3 Rgf6 25. Qg2 g5 26. g4 Qg7 27. fxg5
Qxg5 28. h4 Qxg4 29. Rg3 Rg7 30. Rxg4 fxg4 31. Bg3 Bd6 32. Bxd6 cxd6 33. Rf1
Rfg6 34. Qg3 e5 35. Kg2 h5 36. Rf5 Rh6 37. c4 Ne7 38. Rg5 Rxg5 39. hxg5 Rg6
40. cxd5 Rxg5 41. dxe5 Rxe5 42. Qf4 Nf5 43. e4 Nh4+ 44. Kg3 Ng6 45. Qf6 Kh7
46. Qxd6 Rxe4 47. Qc7+ Kh6 48. Bc4 Re3+ 49. Kf2 Rf3+ 50. Ke1 Re3+ 51. Kd2
Rf3 52. Bd3 Rf2+ 53. Kc3 Ne5 54. Qh7+ {Black resigns} 1-0

[Event "ICCopen2017"]
[Site "Internet Chess Club"]
[Date "2017.03.19"]
[Round "10"]
[White "ROWLAND"]
[Black "nr3"]
[Result "0-1"]
[ICCResult "White checkmated"]
[WhiteElo "1458"]
[BlackElo "1646"]
[Opening "French: Tarrasch, open variation, main line"]
[ECO "C09"]
[NIC "FR.22"]
[Time "21:03:54"]
[TimeControl "180+0"]

1. e4 e6 2. d4 d5 3. Nd2 c5 4. exd5 exd5 5. Ngf3 Nc6 6. dxc5 Bxc5 7. Bb5 Qb6
8. Bxc6+ bxc6 9. O-O Ne7 10. Nb3 Bd6 11. c3 O-O 12. Be3 Qc7 13. h3 Ba6 14.
Re1 Rab8 15. Qd2 Rfe8 16. Nc5 Bc4 17. b3 Bb5 18. a4 Bxc5 19. Bxc5 Ba6 20.
Qg5 f6 21. Qg3 Qxg3 22. fxg3 Ng6 23. b4 Ne5 24. Nxe5 fxe5 25. Bd6 Rbc8 26.
Rxe5 Rxe5 27. Bxe5 Re8 28. Re1 Kf7 29. Kf2 Kg6 30. Bf4 Rxe1 31. Kxe1 Kf5 32.
Kf2 Bc4 33. Ke3 a6 34. g4+ Ke6 35. g3 Bb3 36. a5 Bc4 37. h4 Bf1 38. g5 Bc4
39. Bc7 Kf5 40. Kf3 Bd3 41. g4+ Ke6 42. Kf4 Be2 43. h5 g6 44. h6 Bd3 45. Be5
Bb5 46. Bd4 Bc4 47. Bg7 Be2 48. Bh8 Kf7 49. Bg7 Kg8 50. Bd4 Kf7 51. Ke5 Ke7
52. Bc5+ Kd7 53. Kf6 Bxg4 54. Kg7 Ke8 55. Kxh7 Kf7 56. Kh8 Be6 57. h7 Bf5
58. Bd4 Bd3 59. Bg7 Bb5 60. Bf6 Bc4 61. Bg7 Bb5 62. Bf6 d4 63. Bg7 d3 64.
Bf6 d2 65. Bg7 d1=Q 66. Bf6 Qd7 67. Bg7 Qe8+ 68. Bf8 Qxf8# {White
checkmated} 0-1

[Event "ICCopen2017"]
[Site "Internet Chess Club"]
[Date "2017.03.19"]
[Round "10"]
[White "Ricardov"]
[Black "Trinity8"]
[Result "1-0"]
[ICCResult "Black forfeits on time"]
[WhiteElo "2215"]
[BlackElo "1566"]
[Opening "Van't Kruijs opening"]
[ECO "A00"]
[Time "21:03:47"]
[TimeControl "180+0"]

1. e3 e5 2. c4 Nf6 3. d4 exd4 4. exd4 Bb4+ 5. Nc3 O-O 6. Bd3 Re8+ 7. Ne2 d5
8. O-O dxc4 9. Bxc4 Nc6 10. Qb3 Rf8 11. d5 Bxc3 12. dxc6 b5 13. Nxc3 bxc4
14. Qxc4 Be6 15. Qh4 Nd5 16. Bg5 f6 17. Bd2 Nxc3 18. Bxc3 Qd5 19. Qg3 Qxc6
20. Rfc1 Qd7 21. Bb4 Rf7 22. a3 c6 23. Rd1 Bd5 24. Rac1 Re8 25. Re1 Rxe1+
26. Rxe1 h6 27. h4 Qf5 28. Re8+ Kh7 29. Kh2 Rd7 30. Re7 Rxe7 31. Bxe7 h5 32.
Bc5 a6 33. f3 Bxf3 34. Qxf3 Qxc5 35. Qd3+ Kh6 36. Qxa6 g5 37. hxg5+ fxg5 38.
Qe2 h4 39. Qe6+ Kh5 40. a4 g4 41. Qf7+ Kg5 42. Qg7+ Kh5 43. Qh7+ Kg5 44.
Qg8+ Kh5 45. Qe8+ Kg5 46. Qd7 g3+ 47. Kh3 Qg1 48. Qg4+ Kf6 49. Qxh4+ Ke6 50.
Qc4+ Kd7 51. Kxg3 Qe1+ 52. Kg4 {Black forfeits on time} 1-0

[Event "ICCopen2017"]
[Site "Internet Chess Club"]
[Date "2017.03.19"]
[Round "10"]
[White "wmanthony"]
[Black "mrneale"]
[Result "1-0"]
[ICCResult "Black forfeits on time"]
[WhiteElo "1278"]
[BlackElo "1071"]
[Opening "Ruy Lopez: closed Berlin defense, Wolf variation"]
[ECO "C48"]
[NIC "KP.03"]
[Time "21:04:28"]
[TimeControl "180+0"]

1. e4 e5 2. Nf3 Nc6 3. Nc3 Nf6 4. Bb5 d6 5. O-O Bd7 6. d4 exd4 7. Nxd4 Nxd4
8. Bxd7+ Qxd7 9. Qxd4 Qc6 10. Bg5 Be7 11. Rfe1 O-O 12. Rad1 h6 13. Bf4 Nh5
14. Bg3 Bf6 15. e5 Bxe5 16. Bxe5 dxe5 17. Rxe5 Nf6 18. Nd5 Nxd5 19. Rxd5
Qxc2 20. Rd7 b6 21. Qe5 Rae8 22. Qxc7 Qxb2 23. g3 Rc8 24. Qxa7 Rc1 25. Qa4
Rxd1+ 26. Rxd1 b5 27. Qb3 Qxb3 28. axb3 b4 29. Rd4 Rb8 30. Kf1 Kf8 31. Ke2
Ke7 32. Kd3 Ke6 33. f4 g5 34. fxg5 hxg5 35. h4 {Black forfeits on time} 1-0

[Event "ICCopen2017"]
[Site "Internet Chess Club"]
[Date "2017.03.19"]
[Round "10"]
[White "allmight"]
[Black "UnderArmour"]
[Result "1-0"]
[ICCResult "Black checkmated"]
[WhiteElo "1935"]
[BlackElo "1897"]
[Opening "Nimzo-Indian: 4.e3 O-O, 5.Bd3 d5"]
[ECO "E48"]
[NIC "NI.09"]
[Time "21:03:46"]
[TimeControl "180+0"]

1. d4 Nf6 2. c4 e6 3. Nc3 Bb4 4. e3 O-O 5. Bd3 d5 6. Ne2 c5 7. O-O Qc7 8.
dxc5 Na6 9. cxd5 exd5 10. a3 Bxc3 11. Nxc3 Nxc5 12. Be2 Be6 13. b4 Nce4 14.
Nxe4 Nxe4 15. Qd4 Qb6 16. Qd3 Rac8 17. Bb2 Rfd8 18. Rac1 a5 19. Bd4 Qd6 20.
f3 Nf6 21. Qb5 axb4 22. axb4 Nd7 23. f4 b6 24. f5 Rxc1 25. Rxc1 Bxf5 26. Rc6
Qe7 27. Bf3 Qh4 28. g3 Qg5 29. Bxd5 Qg4 30. Rd6 Qd1+ 31. Qf1 Qd3 32. Qxd3
Bxd3 33. e4 Bb5 34. Bxb6 Rb8 35. Bc7 Rc8 36. Ba5 Rc1+ 37. Kf2 Rf1+ 38. Ke3
Nf8 39. Rd8 g6 40. Bb6 Kg7 41. Bd4+ f6 42. Rb8 Bd7 43. Rb7 Kh6 44. Bc5 Be6
45. Bxf8+ Kh5 46. Bxe6 Re1+ 47. Kd4 Rd1+ 48. Ke3 Re1+ 49. Kf2 Rb1 50. Rxh7+
Kg5 51. Bh6+ Kh5 52. Bf4# {Black checkmated} 1-0

[Event "ICCopen2017"]
[Site "Internet Chess Club"]
[Date "2017.03.19"]
[Round "10"]
[White "BoldPlan"]
[Black "RnZ"]
[Result "1/2-1/2"]
[ICCResult "Game drawn because neither player has mating material"]
[WhiteElo "1823"]
[BlackElo "1986"]
[Opening "Giuoco Pianissimo"]
[ECO "C50"]
[NIC "IG.02"]
[Time "21:03:34"]
[TimeControl "180+0"]

1. e4 e5 2. Nf3 Nc6 3. Bc4 Bc5 4. d3 Nf6 5. c3 O-O 6. Bg5 h6 7. Bh4 d6 8.
Bb3 g5 9. Nxg5 hxg5 10. Bxg5 Bg4 11. Qd2 Re8 12. h4 d5 13. f3 Bh5 14. g4 Bg6
15. h5 Bh7 16. h6 Be7 17. Bxf6 Bxf6 18. Rh5 dxe4 19. fxe4 Bh4+ 20. Kf1 Bg6
21. h7+ Kh8 22. Rf5 Bxf5 23. gxf5 Rf8 24. Na3 Qg5 25. Qxg5 Bxg5 26. Ke2 Kxh7
27. Rh1+ Kg7 28. Nc4 Rh8 29. Rg1 Rh2+ 30. Kd1 Kf6 31. Bc2 Rah8 32. b4 Rh1
33. Re1 Rxe1+ 34. Kxe1 Rh1+ 35. Ke2 Rh2+ 36. Kd1 b5 37. Nb2 Rd2+ 38. Kc1
Rxc2+ 39. Kxc2 a6 40. Nd1 Ne7 41. Nf2 Bf4 42. Ng4+ Kg5 43. Nf2 Ng8 44. Nh3+
Kg4 45. Nf2+ Kf3 46. Nd1 Nf6 47. a3 Ng4 48. c4 c6 49. Nc3 Ne3+ 50. Kb3 f6
51. a4 bxa4+ 52. Nxa4 Ke2 53. Nc5 Kd2 54. Nxa6 Kxd3 55. b5 cxb5 56. cxb5 Nc4
57. Nc5+ Kd4 58. Ne6+ Kd3 59. Nc5+ Kd4 60. Ne6+ Kxe4 61. Kxc4 Kxf5 62. b6
Be3 63. b7 Ba7 64. Nd8 Bb8 65. Nc6 Bc7 66. Kd5 Kf4 67. Ke6 e4 68. Kd7 Bb8
69. Nxb8 e3 70. Nc6 e2 71. b8=Q+ Kf3 72. Qb1 e1=Q 73. Qxe1 f5 74. Qe6 Kg4
75. Qf6 Kf4 76. Qxf5+ Kxf5
{Game drawn because neither player has mating material}
1/2-1/2

[Event "ICCopen2017"]
[Site "Internet Chess Club"]
[Date "2017.03.19"]
[Round "10"]
[White "Littlejack1"]
[Black "Cramagica"]
[Result "1-0"]
[ICCResult "Black checkmated"]
[WhiteElo "1327"]
[BlackElo "1118"]
[Opening "Barnes defense"]
[ECO "B00"]
[NIC "VO.17"]
[Time "21:04:19"]
[TimeControl "180+0"]

1. e4 f6 2. d4 c6 3. Nc3 Kf7 4. Bc4+ e6 5. f4 d5 6. exd5 exd5 7. Bd3 Bb4 8.
f5 Qe7+ 9. Ne2 Nd7 10. O-O Nh6 11. Ng3 Qd6 12. Qh5+ Kf8 13. Bxh6 gxh6 14.
Rae1 Kg7 15. Qg4+ Kf7 16. Re6 Qf8 17. Nh5 Rg8 18. Qh4 Rg5 19. Rfe1 Nb6 20.
Rxf6+ Kg8 21. Rxf8+ Kxf8 22. Nf4 Kg7 23. Ne6+ Bxe6 24. fxe6 Re8 25. Qf4 Be7
26. Qf7+ Kh8 27. Qxh7# {Black checkmated} 1-0

[Event "ICCopen2017"]
[Site "Internet Chess Club"]
[Date "2017.03.19"]
[Round "10"]
[White "lazywillis"]
[Black "pabrazilian"]
[Result "1-0"]
[ICCResult "Black forfeits on time"]
[WhiteElo "1186"]
[BlackElo "1382"]
[Opening "QGD Slav: Slav gambit"]
[ECO "D15"]
[NIC "SL.03"]
[Time "21:03:40"]
[TimeControl "180+0"]

1. d4 d5 2. c4 c6 3. Nf3 Nf6 4. Nc3 dxc4 5. e4 b5 6. a4 Qb6 7. Be3 a6 8. d5
Qb7 9. a5 e6 10. e5 Nxd5 11. Nxd5 cxd5 12. Bb6 Be7 13. Qd4 Nd7 14. Be2 O-O
15. O-O Nxb6 16. axb6 Bd7 17. Ra3 Rfc8 18. h4 Bc5 19. Qg4 Bxb6 20. h5 Bd8
21. h6 g6 22. Ng5 Be7 23. Rf3 Rf8 24. Rd1 Bxg5 25. Qxg5 f5 26. exf6 Rf7 27.
Re3 Re8 28. Bg4 Qc6 29. Rde1 d4 30. Re4 d3 31. Bh5 e5 32. Bxg6 hxg6 33.
Qxg6+ Kf8 34. h7 Qxf6 35. Qxf6 Rxf6 36. h8=Q+ Kf7 37. Rg4 Rg8 38. Qxg8+ Ke7
39. Rg7+ Kd6 40. Rxe5 Be6 41. Re7 Kxe5 42. Qg5+ Kd4 43. Qxf6+ Kc5 44. Qxe6
Kb4 45. Qd6+ Kb3 46. Qa3+ Kc2 47. Qc3+ {Black forfeits on time} 1-0

[Event "ICCopen2017"]
[Site "Internet Chess Club"]
[Date "2017.03.19"]
[Round "10"]
[White "bythebook"]
[Black "BillietheKid"]
[Result "1-0"]
[ICCResult "Black forfeits on time"]
[WhiteElo "1558"]
[BlackElo "1370"]
[Opening "French: King's Indian attack"]
[ECO "C00"]
[NIC "FR.02"]
[Time "21:04:04"]
[TimeControl "180+0"]

1. e4 e6 2. d3 d5 3. Nd2 Nf6 4. g3 c5 5. Bg2 Nc6 6. Ngf3 d4 7. O-O e5 8. Nc4
Qc7 9. a4 Be7 10. Bd2 O-O 11. b3 a6 12. a5 b5 13. axb6 Qb8 14. Nh4 Be6 15.
Na5 Qxb6 16. Nxc6 Qxc6 17. f4 exf4 18. gxf4 Bg4 19. Qe1 Rad8 20. Qg3 h5 21.
h3 Bd7 22. Bf3 Qb6 23. e5 Nh7 24. Bxh5 Bxh4 25. Qxh4 Be6 26. f5 Bd5 27. f6
g6 28. Bg4 Kh8 29. Bh6 Rg8 30. Bg7+ Rxg7 31. fxg7+ Kxg7 32. e6 Bxe6 33. Bxe6
Qxe6 34. Rae1 Qd5 35. Re7 Qg5+ 36. Qxg5 Nxg5 37. h4 Ne6 38. Rfxf7+ Kg8 39.
Rf6 Ng7 40. Rxg6 {Black forfeits on time} 1-0

[Event "ICCopen2017"]
[Site "Internet Chess Club"]
[Date "2017.03.19"]
[Round "10"]
[White "Spirals"]
[Black "lustigbridge"]
[Result "1-0"]
[ICCResult "Black checkmated"]
[WhiteElo "2190"]
[BlackElo "1849"]
[Opening "Ruy Lopez: Berlin defense"]
[ECO "C65"]
[NIC "RL.07"]
[Time "21:03:58"]
[TimeControl "180+0"]

1. e4 e5 2. Nf3 Nc6 3. Bb5 Nf6 4. d3 Bc5 5. O-O d6 6. h3 O-O 7. c3 a6 8. Ba4
Kh8 9. Nbd2 h6 10. Re1 Nh7 11. Nf1 b5 12. Bc2 Ng5 13. Bxg5 hxg5 14. d4 Bb6
15. dxe5 Nxe5 16. Nxe5 dxe5 17. Qxd8 Rxd8 18. Rad1 Be6 19. a3 c5 20. Ne3 g6
21. Nd5 Bxd5 22. exd5 Bc7 23. g4 Kg7 24. Be4 Rd6 25. Kg2 Rf8 26. b3 f5 27.
Bc2 e4 28. c4 Ba5 29. Re2 Rb8 30. f3 bxc4 31. bxc4 exf3+ 32. Kxf3 Bc3 33.
Rb1 Rh8 34. Rb7+ Kf6 35. Kg2 Be5 36. Rf2 f4 37. Re2 f3+ 38. Kxf3 Rxh3+ 39.
Kg2 Rh2+ 40. Kf1 Rxe2 41. Kxe2 Bf4 42. Ba4 Ke5 43. Kd3 Bg3 44. Rf7 Rf6 45.
Be8 Rb6 46. Re7+ Kf4 47. Re4+ Kf3 48. Re3+ Kf2 49. Ke4 Rb1 50. Rf3+ Kg2 51.
Re3 Bf4 52. Re2+ Kf1 53. Ra2 Rb3 54. d6 Re3+ 55. Kd5 Re5+ 56. Kc6 Re6 57.
Bf7 Rxd6+ 58. Kxc5 Rd4 59. Kxd4 Kg1 60. Kd5 Bg3 61. Bxg6 Bf2 62. Bf5 Kf1 63.
c5 Be3 64. c6 Bf2 65. c7 Bg3 66. c8=Q Be1 67. Qc2 Bd2 68. Qxd2 Kg1 69. Qg2#
{Black checkmated}
1-0

[Event "ICCopen2017"]
[Site "Internet Chess Club"]
[Date "2017.03.19"]
[Round "10"]
[White "manusupergm2001"]
[Black "BronStorm"]
[Result "1-0"]
[ICCResult "Black forfeits on time"]
[WhiteElo "2180"]
[BlackElo "1909"]
[Opening "French: Two knights variation"]
[ECO "C00"]
[NIC "FR.01"]
[Time "21:04:25"]
[TimeControl "180+0"]

1. e4 e6 2. Nf3 d5 3. Nc3 Nf6 4. e5 Nfd7 5. d4 c5 6. dxc5 Nc6 7. Bf4 Nxc5 8.
Bb5 Bd7 9. O-O a6 10. Bxc6 Bxc6 11. Ng5 h6 12. Qh5 g6 13. Qh3 Bg7 14. Nf3 g5
15. Be3 Nd7 16. Nd4 Nxe5 17. f4 Nc4 18. fxg5 Nxe3 19. Qxe3 Qxg5 20. Qf2 O-O
21. Rad1 Bb5 22. Rfe1 Rac8 23. Ndxb5 axb5 24. Nxb5 Rc4 25. b3 Rf4 26. Qd2
Rc8 27. a4 Qf6 28. Kh1 Rf5 29. Nd6 Rc7 30. Nxf5 Qxf5 31. c4 d4 32. Rf1 Qh5
33. Qf4 e5 34. Qe4 b6 35. Rde1 Rc8 36. Qb7 Rf8 37. Qxb6 d3 38. Qe3 Rd8 39.
Rd1 Qg6 40. Qf3 e4 41. Qf4 {Black forfeits on time} 1-0

[Event "ICCopen2017"]
[Site "Internet Chess Club"]
[Date "2017.03.19"]
[Round "10"]
[White "justinchess"]
[Black "RobbieWilliams"]
[Result "1-0"]
[ICCResult "Black resigns"]
[WhiteElo "2225"]
[BlackElo "1858"]
[Opening "English opening: Agincourt variation"]
[ECO "A13"]
[NIC "EO.64"]
[Time "21:04:33"]
[TimeControl "180+0"]

1. c4 e6 2. Nf3 d5 3. d4 f5 4. g3 Nf6 5. Bg2 c6 6. O-O Bd6 7. b3 Qe7 8. a4
O-O 9. Ba3 Bd7 10. Ne5 Be8 11. Bxd6 Qxd6 12. Nd2 Nbd7 13. c5 Qc7 14. Ndf3
Ne4 15. b4 a6 16. Qb3 g5 17. Nxd7 Qxd7 18. Ne5 Qg7 19. Bxe4 fxe4 20. Qe3 Bh5
21. Rfb1 Qf6 22. b5 axb5 23. axb5 Rxa1 24. Rxa1 Rc8 25. b6 Re8 26. Ra7 Re7
27. h3 Qg7 28. g4 Be8 29. Ra8 Qf6 30. Kg2 Kg7 31. Rb8 h5 32. Qg3 hxg4 33.
hxg4 Bg6 34. Qh3 Re8 35. Rxe8 Bxe8 36. Qa3 Qe7 37. e3 Kf6 38. Qa8 Kg7 39.
Qb8 Kf6 40. Qa7 Kg7 41. Qa1 Kf6 42. Qh1 Kg7 43. Qh2 Bg6 44. Nxg6 Kxg6 45.
Qe5 Kf7 46. Qc7 Ke8 47. Qc8+ Kf7 48. Qh8 Kg6 49. Qg8+ Kf6 50. Kg3 e5 51.
Qh8+ Ke6 52. Qxe5+ Kf7 53. Qxe7+ Kxe7 54. f4 exf3 55. Kxf3 Ke6 56. e4 dxe4+
57. Kxe4 Kf6 58. d5 cxd5+ 59. Kxd5 Ke7 60. c6 bxc6+ 61. Kxc6 Kd8 62. b7
{Black resigns}
1-0